 Dungeon Crawl Stone Soup version 0.19.5 (webtiles) character file.

185 StupidDan the Cudgeler (level 5, -1/53 HPs)
             Began as a Troll Berserker on May 4, 2017.
             Was a Believer of Trog.
             Slain by an ogre
             ... wielding a +0 giant club
              (17 damage)
             ... on level 4 of the Dungeon.
             The game lasted 00:26:04 (3126 turns).

StupidDan the Cudgeler (Troll Berserker)            Turns: 3126, Time: 00:26:05

Health: -1/53      AC:  5    Str: 26    XL:     5   Next: 37%
Magic:  13/13      EV: 10    Int:  3    God:    Trog [**....]
Gold:   221        SH:  0    Dex:  9    Spells: 0 memorised, 4 levels left

rFire  . . .     SeeInvis .     q - -1 spear (curse)
rCold  . . .     Gourm    +     n - +0 robe
rNeg   . . .     Faith    .     (no shield)
rPois  .         Spirit   .     (helmet restricted)
rElec  .         Reflect  .     (no cloak)
rCorr  .         Harm     .     (gloves unavailable)
MR     .....                    (boots unavailable)
Stlth  +.........               (no amulet)
                                (no ring)
                                e - ring of magical power

@: no status effects
A: unfitting armour, claws 3, fast metabolism 3, gourmand, regeneration 1,
shaggy fur 1, tough skin 2
a: Berserk, Trog's Hand, Burn Spellbooks, Renounce Religion


You were on level 4 of the Dungeon.
You worshipped Trog.
Trog was pleased with you.
You were full.

You visited 1 branch of the dungeon, and saw 4 of its levels.

You collected 221 gold pieces.

Inventory:

Hand Weapons
 a - a +1 mace
 m - a +2 dagger of freezing
 q - a cursed -1 spear (weapon)
 t - a +0 flail
 x - a +0 spear
 y - a +0 flail
Missiles
 j - 38 bolts
 o - 5 javelins (quivered)
 w - 79 stones
Armour
 g - a +0 ring mail
 n - a +0 robe (worn)
Jewellery
 e - a ring of magical power (left claw)
Scrolls
 p - 3 scrolls of amnesia
 s - a scroll of teleportation
 u - a scroll of recharging
 v - 4 scrolls of identify
 A - a scroll of remove curse
Potions
 b - a potion of resistance {unknown}
 h - a potion of magic {unknown}
 k - a potion of lignification {unknown}
 l - a potion of haste
 r - a potion of beneficial mutation {unknown}
 z - 2 potions of curing {unknown}
Comestibles
 c - 4 bread rations
 d - 2 fruits
 f - a slice of pizza
 i - a meat ration


   Skills:
 + Level 3.2 Fighting
 + Level 3.8 Maces & Flails
 + Level 0.1 Polearms
 + Level 1.1 Throwing
 + Level 3.3 Dodging
 + Level 0.3 Stealth


You had 4 spell levels left.
You didn't know any spells.

Dungeon Overview and Level Annotations

Branches:
Dungeon (4/15)
 Temple: D:4-7

Altars:
Elyvilon
Fedhas
Gozag
Makhleb
Nemelex Xobeh
Ru
Uskayaw


Innate Abilities, Weirdness & Mutations

You are too large for most types of armour.
You have claws for hands.
Your metabolism is lightning-fast.
You like to eat raw meat.
Your natural rate of healing is unusually fast.
You are covered in fur. (AC +1)
You have very tough skin. (AC +2)


Message History

You hit the ogre.
The ogre is heavily wounded.
The ogre barely misses you.
You hit the ogre.
The ogre is severely wounded.
The ogre hits you with a giant club!
You hit the ogre but do no damage.
The ogre is severely wounded.
The ogre hits you with a giant club!!
* * * LOW HITPOINT WARNING * * *
You closely miss the ogre.
The ogre is severely wounded.
The ogre barely misses you.
You hit the ogre but do no damage.
The ogre is severely wounded.
The ogre barely misses you.
You hit the ogre.
The ogre is severely wounded.
The ogre hits you with a giant club!
You die...

..
..######..........?...#
#.#
.......#..............#
#..##
#...........####$......
#..# #####.........##
#......#
####>###...........###
#.....##
.........###.....###
###.###
######....###......####
.# # ####......##O....#
.# #
####......@...#.... #
#.....#####...# ...
....###.# #..>...#. ..
### #.# #.....## ## #.#
..###.# . #.# .## ..#
## ... . ... .. .##..
.. .. ## .. ###


You could see an ogre.

Vanquished Creatures
  A crimson imp (D:2)
  7 adders
  An ooze (D:3)
  4 worms
  2 dart slugs (D:2)
  A leopard gecko (D:2)
  2 orcs (D:3)
  4 bats
  2 giant cockroaches
  5 goblins
  5 hobgoblins
  11 jackals
  5 kobolds
  3 ball pythons
  8 frilled lizards
  5 rats
  A fungus (D:2)
67 creatures vanquished.

Vanquished Creatures (others)
  A fungus (D:2)
1 creature vanquished.

Grand Total: 68 creatures vanquished

Notes
Turn   | Place    | Note
-------+----------+-------------------------------------------
     0 | D:1      | StupidDan the Troll Berserker began the quest for the Orb.
     0 | D:1      | Reached XP level 1. HP: 22/22 MP: 0/0
   343 | D:1      | Reached XP level 2. HP: 28/29 MP: 1/1
  1229 | D:2      | Reached XP level 3. HP: 22/36 MP: 2/2
  1389 | D:2      | Found a sacrificial altar of Ru.
  1457 | D:2      | Found a blossoming altar of Fedhas.
  1535 | D:2      | Reached XP level 4. HP: 45/45 MP: 3/3
  1660 | D:2      | Reached ** piety under Trog
  1751 | D:2      | Found a burning altar of Makhleb.
  1985 | D:2      | Found a white marble altar of Elyvilon.
  1985 | D:2      | Found a sparkling altar of Nemelex Xobeh.
  2093 | D:3      | Reached XP level 5. HP: 45/53 MP: 4/4
  2476 | D:3      | Reached skill level 1 in Throwing
  2554 | D:3      | Found an opulent altar of Gozag.
  3006 | D:4      | Found a hide-covered altar of Uskayaw.
  3006 | D:4      | Noticed a hand axe
  3006 | D:4      | Noticed a dagger
  3099 | D:4      | Noticed an ogre
  3126 | D:4      | Slain by an ogre

Skill      XL: |  1  2  3  4  5 |
---------------+----------------+-----
Maces & Flails | 3 |  3.8
Fighting       | 3 |  3.2
Dodging        | 3 |  3.3
Throwing       | 1 |  1.1
Polearms       | |  0.1
Stealth        | |  0.3

Action                   |  1- 3 |  4- 6 || total
-------------------------+-------+-------++-------
Melee: Mace              |   128 |    80 ||   208
       Spear             |       |    36 ||    36
Throw: Javelin           |     1 |    38 ||    39
Invok: Berserk           |     1 |       ||     1
       Trog's Hand       |       |     1 ||     1
  Use: Scroll            |     3 |     5 ||     8
       Potion            |       |     1 ||     1
 Stab: Sleeping          |       |     1 ||     1
  Eat: Chunk             |    19 |    14 ||    33
Armor: Animal skin       |    34 |       ||    34
       Robe              |    42 |    56 ||    98
Dodge: Dodged            |   112 |    67 ||   179
